Map: [ESL] Cosmic Sapphire

Players

HateMe

  • Race: Zerg Zerg
  • Spawn Location: 5:00

Reynor - Winner!

  • Race: Zerg Zerg
  • Spawn Location: 11:00

Event: DreamHack SC2 Masters 2022 Atlanta (Online)

VOD

Have the link to the VOD?

Description

Time

  • Played on: Oct. 2, 2022, 1:19 p.m.
  • Length: 6:27

All games in this series

Show
View Real Time Build Order
Export as new Build Order

HateMe Zerg 

Build Orders: Hatch First 

Get SALT Encoding   

  12  0:00  Drone  
  13  0:12  Overlord  
  13  0:16  Drone  
  14  0:30  Drone x2  
  16  0:47  Hatchery  
  15  0:51  Drone  
  15  0:54  Drone  
  17  0:57  Drone  
  18  1:08  Extractor  
  17  1:12  Spawning Pool  
  17  1:15  Drone  
  17  1:18  Drone  
  18  1:27  Drone  
  19  1:38  Drone  
  20  1:49  Drone  
  21  1:59  Queen x2  
  21  2:00  Drone, Overlord  
  26  2:09  Drone  
  26  2:10  Drone  
  26  2:12  Metabolic Boost  
  28  2:21  Drone x2  
  30  2:31  Drone  
  30  2:32  Drone  
  30  2:34  Queen  
  34  2:43  Overlord  
  34  2:46  Drone  
  35  2:56  Overlord  
  35  3:01  Zergling x2  
  35  3:03  Evolution Chamber  
  35  3:06  Zergling x6  
  35  3:07  Zergling x10  
  43  3:21  Roach Warren  
  43  3:23  Zergling x4  
  44  3:29  Zerg Ground Armor Level 1  
  44  3:34  Zergling x4  
  44  3:38  Drone x2  
  44  3:39  Drone  
  49  3:41  Drone x2  
  49  3:44  Drone  
  49  3:46  Lair  
  52  3:50  Overlord  
  51  4:07  Drone  
  49  4:10  Drone  
  49  4:12  Drone x6  
  49  4:16  Hatchery  
  55  4:18  Overlord  
  59  4:24  Roach x2  
  59  4:27  Extractor x2  
  59  4:31  Roach  
  58  4:38  Roach x2  
  60  4:47  Roach  
  55  4:53  Zergling x10  
  55  4:58  Roach  
  57  5:02  Queen, Roach  
  57  5:04  Queen  
  57  5:06  Drone x2  
  66  5:17  Hatchery  
  66  5:20  Drone x3  
  68  5:27  Overlord  
  63  5:38  Drone x2  
  63  5:41  Queen  
  64  5:52  Drone x3  
  66  5:59  Overlord  
  66  6:05  Drone x2  
  68  6:12  Drone x6  
Show
View Real Time Build Order
Export as new Build Order

Reynor Zerg - Winner!

Build Orders: Hatch First 

Get SALT Encoding   

  12  0:00  Drone  
  13  0:11  Overlord  
  13  0:17  Drone  
  14  0:30  Drone x2  
  16  0:48  Hatchery  
  15  0:51  Drone  
  15  0:54  Drone  
  17  0:57  Drone  
  18  1:08  Extractor  
  17  1:13  Spawning Pool  
  17  1:15  Drone  
  17  1:19  Drone  
  18  1:27  Drone  
  19  1:38  Drone  
  20  1:48  Drone  
  21  1:59  Overlord  
  21  2:00  Queen x2  
  21  2:01  Zergling x2  
  26  2:09  Metabolic Boost  
  26  2:10  Drone  
  26  2:11  Drone  
  28  2:20  Drone  
  28  2:21  Drone  
  30  2:32  Hatchery  
  30  2:35  Drone  
  30  2:37  Drone  
  30  2:42  Baneling Nest  
  30  2:45  Drone  
  30  2:47  Drone  
  32  2:52  Overlord  
  32  3:00  Drone  
  32  3:03  Queen  
  35  3:10  Drone x2, Evolution Chamber  
  35  3:11  Drone  
  36  3:15  Zergling x4  
  36  3:16  Drone  
  39  3:21  Overlord  
  39  3:23  Drone  
  39  3:24  Drone  
  41  3:27  Zergling x2  
  41  3:30  Drone  
  44  3:34  Drone  
  44  3:37  Zerg Missile Weapons Level 1  
  46  3:41  Drone x3  
  47  3:49  Baneling x2  
  47  3:50  Zergling x4  
  47  3:51  Zergling x6  
  52  3:56  Overlord  
  52  3:58  Roach Warren  
  52  4:00  Zergling x2  
  52  4:02  Zergling x2  
  52  4:11  Zergling x8  
  52  4:13  Baneling  
  52  4:14  Baneling  
  52  4:15  Overlord  
  55  4:19  Roach Warren  
  55  4:22  Zergling x8  
  59  4:29  Overlord  
  59  4:30  Drone x2  
  61  4:37  Drone  
  62  4:38  Drone  
  62  4:40  Extractor  
  62  4:41  Drone, Extractor  
  62  4:45  Drone x3  
  62  4:48  Drone  
  62  4:49  Lair  
  62  4:53  Drone x2  
  62  4:54  Drone x2  
  62  4:55  Drone  
  63  5:00  Drone  
  63  5:03  Drone x2  
  65  5:12  Overlord  
  62  5:14  Drone x2  
  62  5:16  Roach x3  
  62  5:19  Roach x2  
  62  5:20  Roach  
  76  5:21  Drone x2  
  76  5:24  Roach  
  76  5:25  Roach  
  76  5:28  Extractor, Overlord  
  81  5:29  Roach  
  81  5:35  Roach x2  
  86  5:37  Roach  
  86  5:42  Overlord  
  88  5:43  Roach  
  87  5:53  Baneling  
  87  5:54  Baneling  
  87  6:00  Drone x3  
  87  6:03  Drone x4, Overlord x2  
  94  6:04  Extractor  
Tags
 
Add a new tag
Caveats
  • Supply blocks, unpowered buildings, or Contaminate may cause inaccurate times.
  • Supply counts are checked every 10 seconds.